 Dungeon Crawl Stone Soup version 0.31-a0-640-g39d97e502b (webtiles) character file.

Game seed: 8756289636367271501

3704 qw the Skirmisher (level 10, -1/63 HPs)
             Began as a Gargoyle Hunter on Aug 27, 2023.
             Was a Follower of Okawaru.
             Slain by Erica
             ... wielding a +4 scimitar of flaming
              (3 damage)
             ... on level 8 of the Dungeon.
             The game lasted 00:03:34 (6907 turns).

qw the Skirmisher (Gargoyle Hunter)                 Turns: 6907, Time: 00:03:34

Health: -1/63      AC: 26    Str: 20    XL:     10   Next: 14%
Magic:  10/13      EV: 15    Int: 11    God:    Okawaru [*.....]
Gold:   360        SH:  5    Dex: 17    Spells: 9/9 levels left

rFire   . . .        Y - +0 shortbow (elec)
rCold   . . .        (shield currently unavailable)
rNeg    + + .        f - quicksilver dragon scales
rPois   inf          g - +0 helmet
rElec   +            l - +0 cloak
rCorr   .            m - +0 pair of gloves
SInv    .            j - +0 pair of boots
Will    +....        s - amulet of reflection
Stlth   ++++         q - ring "Moimuwk" {rPois rN+ Str+6 Stlth+}
HPRegen 0.30/turn    (no ring)
MPRegen 0.13/turn

%: reflection
@: about to teleport, heroic
A: sickness immunity, AC +7, negative energy resistance 1, electricity
resistance, torment resistance 1, petrification resistance
a: Renounce Religion, Heroism


You were on level 8 of the Dungeon.
You worshipped Okawaru.
Okawaru was aware of your devotion.
You visited 2 branches of the dungeon, and saw 9 of its levels.

You collected 360 gold pieces.


Innate Abilities, Weirdness & Mutations

You are immune to sickness and miasma.
Your stone body is resilient. (AC +7)
You are immune to poison.
You resist negative energy. (rN+)
You are resistant to electric shocks. (rElec)
You are resistant to unholy torment.
You are immune to petrification.


   Skills:
 + Level 7.3(12.3) Fighting
 - Level 11.0(16.0) Ranged Weapons
 - Level 6.0(11.0) Armour
 - Level 3.2(8.2) Dodging
 - Level 1.1(6.1) Stealth
 - Level 4.0 Invocations


You had 9 spell levels left.
You didn't know any spells.
Your spell library was empty.

Inventory:

Hand Weapons
 Y - a +0 shortbow of electrocution (weapon)
Armour
 d - the +1 robe of the Desert {Dex+4}
   (You found it on level 8 of the Dungeon)

   Dex+4:     It affects your dexterity (+4).
 f - quicksilver dragon scales (worn)
 g - a +0 helmet (worn)
 j - a +0 pair of boots (worn)
 l - a +0 cloak (worn)
 m - a +0 pair of gloves (worn)
Jewellery
 n - a ring of fire
 q - the ring "Moimuwk" (left hand) {rPois rN+ Str+6 Stlth+}
   (You took it off a gnoll on level 4 of the Dungeon)

   [ring of strength]

   Str+6:     It affects your strength (+6).
   rPois:     It protects you from poison rN+: It protects you from negative
   energy.
   Stlth+:    It makes you more stealthy.
 s - an amulet of reflection (around neck)
Scrolls
 k - 2 scrolls of identify
 t - a scroll of fear {unknown}
Potions
 a - 3 potions of enlightenment
 b - a potion of cancellation
 c - 4 potions of mutation
 e - a potion of berserk rage {unknown}
 h - a potion of lignification {unknown}
 i - a potion of brilliance {unknown}
 o - a potion of invisibility {unknown}
 p - a potion of might {unknown}

Dungeon Overview and Level Annotations

Branches:
Dungeon (8/15)             Temple (1/1) D:6
   Lair: D:8-11

Altars:
Ashenzari
Dithmenos
Elyvilon
Gozag
Hepliaklqana
Kikubaaqudgha
Makhleb
Nemelex Xobeh
Okawaru
Ru
Trog
Uskayaw
Vehumet
Wu Jian
Xom
Yredelemnul
Zin

Annotations:
D:4 3 runed translucent doors, qw's ghost, weakling MiHs
D:8 Erica


Message History

You kill the killer bee!
Okawaru accepts your kill. The killer bee misses you.
Your Invocations skill increases to level 4!
You shoot an arrow. The arrow hits the killer bee.
Lightning courses through the killer bee!
You kill the killer bee!
Okawaru accepts your kill. The killer bee closely misses you.
Something hits you but does no damage. The killer bee closely misses you.
You shoot an arrow. The arrow misses the killer bee.
The killer bee stings you but does no damage.
Something hits you! Something burns you.
You shoot an arrow. The arrow barely misses the killer bee.
The killer bee stings you but does no damage.
You block the killer bee's attack. Something hits you. Something burns you.
You shoot an arrow. The arrow hits the killer bee.
The killer bee is moderately wounded.
The killer bee closely misses you.
You shoot an arrow. The arrow hits the killer bee!
The killer bee is almost dead.
The killer bee stings you but does no damage.
You hear some strange, mumbled words.
A lance of force appears from out of thin air!
The lance of force hits you!
You are knocked back by the lance of force.
You slam into the rock wall!
The killer bee completely misses you.
6905 ||| READING scroll of teleportation.
As you read the scroll of teleportation, it crumbles to dust.
You feel strangely unstable.
You feel like a meek peon again. The killer bee misses you.
You block something's attack.
The killer bee stings you but does no damage.
6906 ||| INVOKING Heroism.
You gain the combat prowess of a mighty hero.
The killer bee closely misses you. Something barely misses you.
The killer bee completely misses you.
You shoot an arrow. The arrow barely misses the killer bee.
The killer bee closely misses you. Something hits you! Something burns you.
You die...

#..............#..)######
##..............)..)#.#.#.
#....#..............)...).
##...##.........###..####.
#####...........##..## #.
#...#######....#..# ##
##...## ##.....## ##
##...# ##.....# . #.y@#
###.....#### #.{%#
##.........#. #....
............#.
#.....##.##..<...##.
###...## #......... #.#..
............
###..............#
.....##........ ...
#........


You could see a killer bee.

Vanquished Creatures
  Pikel (D:4)
  2 ice beasts
  2 orc warriors
  3 black bears
  A sky beast (D:7)
  A phantom (D:7)
  2 kobold brigands (D:6)
  3 bullfrogs (D:7)
  A gnoll sergeant (D:7)
  3 scorpions
  7 wights (D:7)
  8 killer bees
  4 howler monkeys
  A hound (D:6)
  A jelly (D:6)
  2 gnoll boudas
  4 orc priests
  Jessica (D:3)
  2 iguanas
  7 orc wizards
  24 gnolls
  6 adders
  2 shadow imps
  An ufetubus (D:4)
  2 worms (D:2)
  A dart slug (D:4)
  33 orcs
  9 endoplasms
  5 giant cockroaches
  2 goblins
  11 hobgoblins
  6 jackals
  3 quokkas
  4 ball pythons
  4 bats
  3 frilled lizards
  20 kobolds
  14 rats
  A spectral orc (D:5)
207 creatures vanquished.

Vanquished Creatures (collateral kills)
  A kobold brigand (D:6)
  4 kobolds (D:6)
5 creatures vanquished.

Grand Total: 212 creatures vanquished

Notes
Turn   | Place    | Note
-------+----------+-------------------------------------------
     0 | D:1      | qw the Gargoyle Hunter began the quest for the Orb.
     0 | D:1      | Reached XP level 1. HP: 12/12 MP: 1/1
     0 | D:1      | 0 ||| qw: Version: 0.3-a-74-g0d5e918
     0 | D:1      | 0 ||| qw: Game counter: 60
     0 | D:1      | 0 ||| qw: Melee chars always use a shield: true
     0 | D:1      | 0 ||| qw: God list: Okawaru
     0 | D:1      | 0 ||| qw: Allow faded altars: false
     0 | D:1      | 0 ||| qw: Do Orc after clearing Dungeon:15 true
     0 | D:1      | 0 ||| qw: Do second Lair branch before Depths: true
     0 | D:1      | 0 ||| qw: Lair rune preference: random
     0 | D:1      | 0 ||| qw: Goals: Normal
     0 | D:1      | 0 ||| PLANNING D:1-11
   165 | D:1      | Reached XP level 2. HP: 17/17 MP: 2/2
   740 | D:1      | 740 ||| UPGRADING to quicksilver dragon scales.
   750 | D:1      | 750 ||| DROPPING +0 leather armour.
   751 | D:1      | 751 ||| UPGRADING to +0 helmet.
   756 | D:1      | 756 ||| READING scroll labelled YSIMUS NUTWOIFF.
   757 | D:1      | 757 ||| DROPPING scroll of butterflies.
   773 | D:2      | Reached XP level 3. HP: 21/21 MP: 3/3
   840 | D:2      | Reached skill level 1 in Armour
   953 | D:2      | Reached skill level 5 in Ranged Weapons
  1021 | D:2      | 1021 ||| Stepping ~*~*~tactically~*~*~ (outnumbered).
  1031 | D:2      | Reached skill level 3 in Fighting
  1031 | D:2      | Reached XP level 4. HP: 18/28 MP: 4/4
  1410 | D:2      | 1410 ||| READING scroll labelled FYRISS WOEM.
  1411 | D:2      | 1411 ||| READING scroll labelled ASIBIMIARR.
  1968 | D:3      | Noticed Jessica
  1973 | D:3      | Killed Jessica
  1974 | D:3      | Reached XP level 5. HP: 29/32 MP: 5/5
  2246 | D:3      | 2246 ||| UPGRADING to +0 cloak.
  2251 | D:3      | 2251 ||| READING scroll labelled BIWKEC FUVA.
  2252 | D:3      | 2252 ||| READING scroll labelled SAKEGEOQAJ.
  2253 | D:3      | 2253 ||| READING scroll labelled NEKKIFFORAPN.
  2453 | D:4      | Found a sparkling altar of Nemelex Xobeh.
  2482 | D:4      | Found a burning altar of Makhleb.
  2665 | D:4      | Noticed Pikel
  2667 | D:4      | Noticed a lemure
  2667 | D:4      | Noticed a lemure
  2667 | D:4      | Noticed a lemure
  2668 | D:4      | 2668 ||| RETREATING.
  2673 | D:4      | Noticed a lemure
  2684 | D:4      | Killed Pikel
  2685 | D:4      | Reached skill level 8 in Ranged Weapons
  2685 | D:4      | Reached XP level 6. HP: 21/37 MP: 6/6
  2685 | D:4      | Reached XP level 7. HP: 23/41 MP: 7/7
  2957 | D:4      | 2957 ||| Stepping ~*~*~tactically~*~*~ (outnumbered).
  3057 | D:4      | Found a runed translucent gate.
  3057 | D:4      | Noticed qw's ghost (weakling MiHs)
  3058 | D:4      | Found a runed translucent gate.
  3058 | D:4      | Identified the +2 dagger of Arbitration {freeze, rCorr
                  | Dex+2}
  3060 | D:4      | Identified the +8 chain mail of Honour {+Blink}
  3093 | D:4      | Found a runed translucent gate.
  3116 | D:4      | Reached skill level 3 in Armour
  3123 | D:4      | Identified the ring "Moimuwk" {rPois rN+ Str+6 Stlth+}
  3347 | D:4      | 3347 ||| UPGRADING to +0 pair of boots.
  3352 | D:4      | 3352 ||| UPGRADING to +0 pair of gloves.
  3357 | D:4      | 3357 ||| UPGRADING to ring "Moimuwk" {rPois rN+ Str+6
                  | Stlth+}.
  3358 | D:4      | 3358 ||| READING scroll labelled ORAONGELIRI.
  3359 | D:4      | 3359 ||| READING scroll labelled YMYFFU BUBAR.
  3460 | D:4      | 3460 ||| DRINKING 3 orange potions.
  3461 | D:4      | 3461 ||| READING 3 scrolls of identify.
  3461 | D:4      | 3461 ||| IDENTIFYING black potion
  3462 | D:4      | 3462 ||| READING 2 scrolls of identify.
  3462 | D:4      | 3462 ||| IDENTIFYING fizzy grey potion
  3478 | D:5      | Entered Level 5 of the Dungeon
  3536 | D:5      | Reached XP level 8. HP: 48/48 MP: 8/8
  3760 | D:5      | 3760 ||| STAIRDANCE
  3789 | D:4      | 3789 ||| READING scroll labelled KUK CAEPPO.
  3838 | D:4      | 3838 ||| DRINKING 2 ruby potions.
  3839 | D:4      | 3839 ||| DRINKING potion of curing.
  3839 | D:4      | 3839 ||| (to cure confusion)
  3840 | D:4      | 3840 ||| DROPPING potion of ambrosia.
  3984 | D:5      | 3984 ||| Stepping ~*~*~tactically~*~*~ (outnumbered).
  3986 | D:5      | 3986 ||| Stepping ~*~*~tactically~*~*~ (outnumbered).
  3988 | D:5      | 3988 ||| Stepping ~*~*~tactically~*~*~ (outnumbered).
  3990 | D:5      | 3990 ||| Stepping ~*~*~tactically~*~*~ (outnumbered).
  3992 | D:5      | 3992 ||| Stepping ~*~*~tactically~*~*~ (outnumbered).
  3994 | D:5      | 3994 ||| Stepping ~*~*~tactically~*~*~ (outnumbered).
  3996 | D:5      | 3996 ||| Stepping ~*~*~tactically~*~*~ (outnumbered).
  4094 | D:5      | Found a basalt altar of Yredelemnul.
  4214 | D:5      | Found a white marble altar of Elyvilon.
  4271 | D:5      | 4271 ||| READING 2 scrolls of identify.
  4271 | D:5      | 4271 ||| IDENTIFYING fuming amethyst potion
  4347 | D:6      | Reached skill level 9 in Ranged Weapons
  4424 | D:6      | 4424 ||| RETREATING.
  4428 | D:6      | 4428 ||| Stepping ~*~*~tactically~*~*~ (outnumbered).
  4430 | D:6      | 4430 ||| Stepping ~*~*~tactically~*~*~ (retreating).
  4432 | D:6      | 4432 ||| Stepping ~*~*~tactically~*~*~ (retreating).
  4433 | D:6      | 4433 ||| Stepping ~*~*~tactically~*~*~ (retreating).
  4434 | D:6      | 4434 ||| Stepping ~*~*~tactically~*~*~ (retreating).
  4435 | D:6      | 4435 ||| Stepping ~*~*~tactically~*~*~ (retreating).
  4436 | D:6      | 4436 ||| Stepping ~*~*~tactically~*~*~ (retreating).
  4437 | D:6      | 4437 ||| Stepping ~*~*~tactically~*~*~ (retreating).
  4438 | D:6      | 4438 ||| Stepping ~*~*~tactically~*~*~ (retreating).
  4439 | D:6      | 4439 ||| Stepping ~*~*~tactically~*~*~ (retreating).
  4441 | D:6      | 4441 ||| Stepping ~*~*~tactically~*~*~ (retreating).
  4444 | D:6      | 4444 ||| Stepping ~*~*~tactically~*~*~ (retreating).
  4479 | D:6      | Reached skill level 6 in Fighting
  4561 | D:6      | Found a shimmering altar of Xom.
  4561 | D:6      | Found a shimmering altar of Xom.
  4563 | D:6      | Found a shimmering altar of Xom.
  4564 | D:6      | Found a shimmering altar of Xom.
  4565 | D:6      | Found a shimmering altar of Xom.
  4923 | D:6      | Found an ancient bone altar of Kikubaaqudgha.
  5018 | D:6      | Reached XP level 9. HP: 21/55 MP: 9/9
  5271 | D:6      | 5271 ||| UPGRADING to amulet of reflection.
  5276 | D:6      | 5276 ||| FLEEEEING.
  5277 | D:6      | 5277 ||| FLEEEEING.
  5299 | D:6      | Found a staircase to the Ecumenical Temple.
  5300 | D:6      | 5300 ||| PLANNING TEMPLE
  5300 | D:6      | 5300 ||| READING scroll labelled ZUHUORGHAEPT.
  5301 | D:6      | 5301 ||| READING scroll labelled OKOYSHR AVVI.
  5304 | D:6      | 5304 ||| Stepping ~*~*~tactically~*~*~ (outnumbered).
  5306 | D:6      | 5306 ||| Stepping ~*~*~tactically~*~*~ (outnumbered).
  5324 | Temple   | Found a transporter.
  5324 | Temple   | Found a transporter.
  5324 | Temple   | Found a transporter.
  5324 | Temple   | Found a transporter.
  5324 | Temple   | Entered the Ecumenical Temple
  5325 | Temple   | 5325 ||| PLANNING D:1-11
  5335 | Temple   | 5335 ||| PLANNING OKAWARU WORSHIP
  5342 | Temple   | Became a worshipper of Warmaster Okawaru
  5343 | Temple   | 5343 ||| PLANNING D:1-11
  5541 | D:7      | Found a hide-covered altar of Uskayaw.
  5571 | D:7      | Reached skill level 10 in Ranged Weapons
  5571 | D:7      | Found a bloodstained altar of Trog.
  5572 | D:7      | 5572 ||| RETREATING.
  5602 | D:7      | Reached skill level 3 in Dodging
  5607 | D:7      | 5607 ||| FLEEEEING.
  5608 | D:7      | 5608 ||| FLEEEEING.
  5609 | D:7      | 5609 ||| FLEEEEING.
  5610 | D:7      | 5610 ||| FLEEEEING.
  5611 | D:7      | 5611 ||| FLEEEEING.
  5612 | D:7      | 5612 ||| FLEEEEING.
  5613 | D:7      | 5613 ||| FLEEEEING.
  5614 | D:7      | 5614 ||| STAIRDANCE
  5698 | D:7      | 5698 ||| RETREATING.
  5711 | D:7      | Reached * piety under Okawaru
  5712 | D:7      | 5712 ||| INVOKING Heroism.
  5740 | D:7      | HP: 13/57 [gnoll/+0 halberd[a gnoll sergeant] (6)]
  5743 | D:7      | 5743 ||| INVOKING Heroism.
  5759 | D:7      | 5759 ||| FLEEEEING.
  5760 | D:7      | 5760 ||| FLEEEEING.
  5761 | D:7      | 5761 ||| FLEEEEING.
  5762 | D:7      | 5762 ||| FLEEEEING.
  5763 | D:7      | 5763 ||| FLEEEEING.
  5764 | D:7      | 5764 ||| FLEEEEING.
  5828 | D:7      | 5828 ||| FLEEEEING.
  5829 | D:7      | 5829 ||| FLEEEEING.
  5837 | D:7      | 5837 ||| STAIRDANCE
  5892 | D:6      | 5892 ||| DROPPING amulet of regeneration.
  5948 | D:7      | Found a flagged portal.
  6113 | D:7      | Found a sacrificial altar of Ru.
  6294 | D:7      | Reached skill level 1 in Invocations
  6331 | D:7      | Found a shadowy altar of Dithmenos.
  6465 | D:7      | 6465 ||| READING scroll labelled FYATOJ TUCLEPN.
  6466 | D:7      | 6466 ||| READING 2 scrolls of identify.
  6466 | D:7      | 6466 ||| IDENTIFYING murky coppery potion
  6467 | D:7      | 6467 ||| DROPPING potion of attraction.
  6482 | D:8      | 6482 ||| STAIRDANCE
  6493 | D:8      | 6493 ||| STAIRDANCE
  6517 | D:8      | 6517 ||| STAIRDANCE
  6521 | D:7      | Reached skill level 11 in Ranged Weapons
  6523 | D:8      | 6523 ||| STAIRDANCE
  6571 | D:8      | 6571 ||| STAIRDANCE
  6575 | D:7      | Reached XP level 10. HP: 63/63 MP: 10/12
  6594 | D:8      | 6594 ||| STAIRDANCE
  6633 | D:8      | 6633 ||| STAIRDANCE
  6642 | D:7      | Reached skill level 3 in Invocations
  6646 | D:8      | 6646 ||| STAIRDANCE
  6655 | D:8      | 6655 ||| STAIRDANCE
  6665 | D:8      | 6665 ||| STAIRDANCE
  6705 | D:8      | 6705 ||| STAIRDANCE
  6738 | D:8      | Identified the +1 robe of the Desert {Dex+4}
  6758 | D:8      | 6758 ||| Stepping ~*~*~tactically~*~*~ (outnumbered).
  6773 | D:8      | Reached skill level 6 in Armour
  6798 | D:8      | 6798 ||| Stepping ~*~*~tactically~*~*~ (outnumbered).
  6799 | D:8      | 6799 ||| INVOKING Heroism.
  6880 | D:8      | Noticed Erica
  6881 | D:8      | 6881 ||| INVOKING Heroism.
  6904 | D:8      | HP: 12/63 [something/lance of force (17)]
  6905 | D:8      | 6905 ||| READING scroll of teleportation.
  6906 | D:8      | 6906 ||| INVOKING Heroism.
  6907 | D:8      | HP: 2/63 [something (9)]
  6907 | D:8      | Slain by Erica

Levels and vault maps discovered:
D:1:      dpeg_arrival_three_same_balls, layout_loops_ring,
          minmay_rat_gold_closets
D:2:      minmay_alternating_diamond, layout_basic
D:3:      layout_loops_corners, serial_bayou_pond_c, uniq_jessica
D:4:      layout_basic, mainiacjoe_overflow_catwalk_spiral,
          biasface_ghost_orc_armoury, minmay_misc_feat_square,
          minmay_quadrilaterals, uniq_pikel
D:5:      layout_loops_ring, yredelemnul_forgotten_temple_becter,
          lemuel_coloured_pillars_altar, hangedman_glass_teeth
D:6:      minmay_skewed_foursquare, layout_cave_pools, xom_redecorated,
          kiku_gazebo_pond_becter, minmay_temple_entry_slanted,
          minmay_strange_pillars
D:7:      layout_loops_ring, nicolae_dithmenos_through_a_glass_darkly,
          marbit_many_paths, trog_ov_bears_minmay, hangedman_ru_absence,
          enter_bailey_2, kennysheep_path_1
D:8:      layout_cave_pools, kennysheep_mini_moat, amethyst_killhole,
          uniq_erica, uniq_joseph
Temple:   hellmonk_temple_divided_pantheon

Skill      XL: |  1  2  3  4  5  6  7  8  9 10 |
---------------+-------------------------------+-----
Armour         | 1 2 3 5 6 |  6.0
Ranged Weapons | 5 8 9 11 | 11.0
Fighting       | 3 4 6 7 |  7.3
Dodging        | 2 3 |  3.2
Invocations    | 2 4 |  4.0
Stealth        | |  1.1

Action                     |  1- 3 |  4- 6 |  7- 9 | 10-12 || total
---------------------------+-------+-------+-------+-------++-------
   Fire: Shortbow          |   118 |   114 |   459 |   105 ||   796
 Invoke: Heroism           |       |       |     2 |     3 ||     5
    Use: Scroll            |     1 |     5 |    10 |     1 ||    17
         Potion            |       |       |     3 |       ||     3
 Armour: Leather armour    |     7 |       |       |       ||     7
         Quicksilver drago |    13 |    20 |   152 |    38 ||   223
  Dodge: Dodged            |    19 |    27 |   171 |    53 ||   270
  Block: Other             |       |       |    46 |    15 ||    61
         Reflection        |       |       |     1 |       ||     1

Table legend:
 A = Non-vault XP
 B = Vault XP
 C = Vault XP percentage of total XP
 D = Non-vault monster count
 E = Vault monster count
 F = Vault count percentage of total count
                 A         B        C        D         E       F
            +---------+---------+-------+---------+---------+-------
      Total |    4095 |    1197 |  22.6 |     184 |      28 |  13.2
            +---------+---------+-------+---------+---------+-------
        D:1 |      25 |       8 |  24.2 |      17 |       8 |  32.0
        D:2 |      74 |      11 |  12.9 |      20 |       4 |  16.7
        D:3 |      32 |      37 |  53.6 |      13 |       1 |   7.1
        D:4 |     299 |     646 |  68.4 |      25 |       6 |  19.4
        D:5 |     519 |       1 |   0.2 |      26 |       1 |   3.7
        D:6 |     862 |     230 |  21.1 |      31 |       5 |  13.9
        D:7 |    1830 |     264 |  12.6 |      35 |       3 |   7.9
        D:8 |     454 |       0 |   0.0 |      17 |       0 |   0.0
            +---------+---------+-------+---------+---------+-------
